 Dungeon Crawl Stone Soup version 0.24.0-123-gd5b16e6ec5 (webtiles) character file.

Game seed: 6178065956325795379, levelgen mode: deterministic

738 Descartes the Shooter (level 7, -8/57 HPs)
             Began as a Centaur Arcane Marksman on Dec 29, 2019.
             Killed by divine providence
             ... invoked by an orc priest
              (11 damage)
             ... on level 6 of the Dungeon.
             The game lasted 00:12:23 (5680 turns).

Descartes the Shooter (Centaur Arcane Marksman)     Turns: 5680, Time: 00:12:23

Health: -8/57      AC:  7    Str:  8    XL:     7   Next: 46%
Magic:  10/10      EV: 10    Int: 12    God:
Gold:   213        SH:  0    Dex: 11    Spells: 7/11 levels left

rFire    . . .     SeeInvis .   b - +2 quarterstaff (chaos)
rCold    + + +     Gourm    .   (shield currently unavailable)
rNeg     . . .     Faith    .   G - +0 robe "Udecos" {rElec rC+++ rCorr Str-5} (curse)
rPois    .         Spirit   .   x - +1 helmet
rElec    +         Reflect  .   u - +0 cloak (curse)
rCorr    +         Harm     .   (no gloves)
MR       .....                  (no barding)
Stlth    +.........             (no amulet)
HPRegen  0.19/turn              p - ring of resist corrosion
MPRegen  0.12/turn              (no ring)

@: very quick
A: large, hooves 3, deformed body, speed 2, tough skin 3
a: no special abilities


You were on level 6 of the Dungeon.
You were not hungry.

You visited 1 branch of the dungeon, and saw 6 of its levels.

You collected 213 gold pieces.

Inventory:

Hand Weapons
 a - a +0 shortbow
 b - a +2 quarterstaff of chaos (weapon)
 q - a +2 whip of electrocution
 v - a +4 mace
 A - a +0 hand crossbow
Missiles
 c - 14 bolts
 d - 68 arrows
 e - 23 sling bullets
 j - 82 stones (quivered)
 l - 31 poisoned darts
 y - 4 boomerangs
 C - 4 curare-tipped darts
Armour
 o - a +4 scale mail
 u - a cursed +0 cloak (worn)
 x - a +1 helmet (worn)
 D - a +0 buckler
 G - the cursed +0 robe "Udecos" (worn) {rElec rC+++ rCorr Str-5}
   (You found it on level 5 of the Dungeon)

   It affects your strength (-5).
   It renders you almost immune to cold.
   It insulates you from electricity.
   It provides partial protection from all sources of acid and corrosion.
   It has a curse placed upon it.
Magical Staves
 F - an uncursed staff of energy {unknown}
Jewellery
 p - a ring of resist corrosion (left hand)
Wands
 B - a wand of polymorph (7)
Scrolls
 h - 8 scrolls of identify {unknown}
 i - 4 scrolls of teleportation {unknown}
 k - 3 scrolls of enchant weapon {unknown}
 r - a scroll of blinking {unknown}
 s - 7 scrolls of remove curse {unknown}
 H - a scroll of immolation {unknown}
Potions
 g - 4 potions of curing
 m - 2 potions of might {unknown}
 n - a potion of berserk rage {unknown}
 t - a potion of lignification {unknown}
 z - a potion of heal wounds
 E - a potion of ambrosia {unknown}
Comestibles
 f - 11 rations
 w - a chunk of flesh


   Skills:
 + Level 3.1 Fighting
 + Level 5.0 Bows
 + Level 1.6 Crossbows
 + Level 2.0 Armour
 + Level 2.6 Dodging
 + Level 2.5 Spellcasting
 + Level 1.0 Conjurations
 + Level 4.0 Hexes
 + Level 0.9 Translocations


You had 7 spell levels left.
You knew the following spells:

 Your Spells              Type           Power        Failure   Level  Hunger
a - Corona                Hex            ##.....      4%          1    #......
b - Magic Dart            Conj           #...         17%         1    #......
c - Blink                 Tloc           N/A          26%         2    ###....

Your spell library contained the following spells:

 Spells                   Type           Power        Failure   Level  Hunger
 Slow                     Hex            ##......     8%          2    ###....
 Portal Projectile        Hex/Tloc       #.....       28%         3    ###....
 Inner Flame              Hex/Fire       #.......     34%         3    ###....
 Call Imp                 Summ           #.......     36%         2    ###....
 Cause Fear               Hex            ##........   45%         4    #####..
 Conjure Flame            Conj/Fire      #.......     54%         3    ###....
 Mephitic Cloud           Conj/Pois/Air  #.......     56%         3    ###....
 Leda's Liquefaction      Hex/Erth       #.........   75%         4    #####..


Dungeon Overview and Level Annotations

Branches:
Dungeon (6/15)
 Temple: D:4-7

Altars:
Ashenzari
Cheibriados
Nemelex Xobeh


Innate Abilities, Weirdness & Mutations

You have hooves in place of feet.
Armour fits poorly on your strangely shaped body.
You cover ground very quickly.
You have extremely tough skin. (AC +3)


Message History

You are too injured to fight recklessly!
You are too injured to fight recklessly!
You are too injured to fight recklessly!
You hit the iguana.
The iguana shivers with cold.
You kick the iguana.
You kill the iguana!
Your Armour skill increases to level 2!
You see here an iguana corpse.
The orc priest mumbles some strange prayers to Beogh against you.
Beogh smites you!
* * * LOW HITPOINT WARNING * * *
The orc priest calls down the wrath of Beogh upon you.
Pain shoots through your body!
* * * LOW HITPOINT WARNING * * *
Things that are here:
a cursed -3 dagger; a +0 robe
Things that are here:
a +0 short sword; an orc corpse The orc priest mumbles some strange prayers to Beogh against you.
Beogh smites you!
You die...

#.......... ###
##.......... #..##
#........... #...##
#......o....
#....####...........
#....##..........#..
#....##.#.>.........
#.......@)).†....$..
#.....###.?$........
#....##.##..........
#...##^^^##........#
##..##.._..##.....#..
#..##.^..^.^##..### .
#.##.........##.#
#.#...#####...#.#
#.##.'#.#.#'.##.#


You could see an orc priest.

Vanquished Creatures
  A water moccasin (D:5)
  Blork the orc (D:5)
  A gnoll sergeant (D:5)
  A crimson imp (D:3)
  A hound (D:5)
  A centaur skeleton (D:4)
  Crazy Yiuf (D:2)
  An orc wizard (D:6)
  2 iguanas
  A worker ant (D:4)
  A hound zombie (D:6)
  Robin (D:3)
  6 gnolls
  6 adders
  An adder skeleton (D:6)
  A worm (D:2)
  A dart slug (D:3)
  2 leopard geckos
  11 orcs
  6 giant cockroaches
  19 goblins
  11 hobgoblins
  6 jackals
  6 kobolds
  4 quokkas
  2 ball pythons
  2 bats
  4 frilled lizards
  A quokka zombie (D:5)
  6 rats
108 creatures vanquished.

Vanquished Creatures (others)
  An orc wizard (D:4)
1 creature vanquished.

Grand Total: 109 creatures vanquished

Notes
Turn   | Place    | Note
-------+----------+-------------------------------------------
     0 | D:1      | Descartes the Centaur Arcane Marksman began the quest for
                  | the Orb.
     0 | D:1      | Reached XP level 1. HP: 16/16 MP: 2/2
   574 | D:1      | Reached XP level 2. HP: 13/23 MP: 3/3
   579 | D:1      | Reached skill level 3 in Bows
  1796 | D:2      | Reached XP level 3. HP: 28/28 MP: 4/4
  1905 | D:2      | Found a snail-covered altar of Cheibriados.
  2319 | D:2      | Found a runed translucent door.
  2320 | D:2      | Noticed Crazy Yiuf
  2642 | D:2      | Killed Crazy Yiuf
  2642 | D:2      | Reached XP level 4. HP: 36/36 MP: 6/6
  2957 | D:3      | Noticed Robin
  2983 | D:3      | Killed Robin
  3053 | D:3      | Found a shattered altar of Ashenzari.
  3055 | D:3      | Reached XP level 5. HP: 38/41 MP: 7/7
  3079 | D:3      | Reached skill level 1 in Armour
  3094 | D:3      | Reached skill level 4 in Bows
  3097 | D:3      | HP: 2/41 [gnoll/+0 halberd (10)]
  4106 | D:4      | Reached XP level 6. HP: 48/49 MP: 9/9
  4589 | D:5      | Entered Level 5 of the Dungeon
  4923 | D:5      | Got a creamy pearl robe
  4934 | D:5      | Identified the cursed +0 robe "Udecos" {rElec rC+++ rCorr
                  | Str-5} (You found it on level 5 of the Dungeon)
  4951 | D:5      | Learned a level 1 spell: Magic Dart
  4954 | D:5      | Learned a level 2 spell: Blink
  4956 | D:5      | Noticed a water moccasin
  4984 | D:5      | Killed a water moccasin
  4984 | D:5      | Reached skill level 1 in Crossbows
  4984 | D:5      | Reached XP level 7. HP: 20/56 MP: 10/10
  5204 | D:5      | Noticed Blork the orc
  5216 | D:5      | Killed Blork the orc
  5622 | D:6      | Found a sparkling altar of Nemelex Xobeh.
  5661 | D:6      | Reached skill level 5 in Bows
  5668 | D:6      | Reached skill level 1 in Conjurations
  5680 | D:6      | Killed from afar by an orc priest

Levels and vault maps discovered:
D:1:      zelgadis_glass_arrival_small, layout_basic, minmay_tromino_v4_b
D:2:      layout_basic, cheibriados_altar_1, uniq_crazy_yiuf_cottage
D:3:      layout_basic, evilmike_ruin_ashenzari, first_ration, uniq_robin
D:4:      layout_basic, st_stairs_13
D:5:      layout_rooms, abandoned_shop, uniq_blork_the_orc
D:6:      layout_cave_pods, basic_altar, nemelex_spade_bored_becter

Skill      XL: |  1  2  3  4  5  6  7 |
---------------+----------------------+-----
Bows           | 3 4 5 |  5.0
Hexes          | 3 4 |  4.0
Fighting       | 2 3 |  3.1
Dodging        | 2 |  2.6
Armour         | 1 2 |  2.0
Spellcasting   | 2 |  2.5
Crossbows      | 1 |  1.6
Conjurations   | 1 |  1.0
Translocations | |  0.9

Action                   |  1- 3 |  4- 6 |  7- 9 || total
-------------------------+-------+-------+-------++-------
Melee: Club              |    48 |       |       ||    48
       Unarmed           |     3 |       |       ||     3
       Kick              |    11 |    37 |     8 ||    56
       Whip              |    37 |    55 |       ||    92
       Quarterstaff      |       |   144 |    38 ||   182
 Fire: Shortbow          |    40 |     3 |       ||    43
  Use: Potion            |       |     4 |       ||     4
  Eat: Chunk             |     3 |     7 |     2 ||    12
Armor: Scale mail        |    49 |   153 |       ||   202
       Robe              |     1 |    16 |    11 ||    28
Dodge: Dodged            |    35 |    74 |    18 ||   127
